 Dungeon Crawl Stone Soup version 0.26.1-11-gd32895ea62 (webtiles) character file.

Game seed: 758439222344970147

720446 ZappyNine the Minotaur Blade (level 27, -7/281 HPs)
             Began as a Minotaur Fighter on June 2, 2021.
             Was the Champion of Qazlal.
             Mangled by Lom Lobon (25 damage)
             ... in Pandemonium on June 4, 2021.
             The game lasted 02:34:01 (67858 turns).

ZappyNine the Minotaur Blade (Minotaur Fighter)    Turns: 67858, Time: 02:34:01

Health: -7/281     AC: 26    Str: 39      XL:     27
Magic:  28/28      EV: 30    Int:  2      God:    Qazlal [******]
Gold:   7250       SH: 36    Dex: 16 (17) Spells: 26/26 levels left

rFire    + + .     SeeInvis .   r - +9 double sword (vorpal)
rCold    + + +     Faith    .   S - +5 kite shield "Kurekk" {Will+ Str+3}
rNeg     + + +     Spirit   .   n - +4 steam dragon scales of Moral Flaws {rF+ Slay+3}
rPois    +         Reflect  +   u - +1 hat of Watchfulness {*Contam rPois rC+ Will+}
rElec    +         Harm     .   s - +0 cloak of Hangman {rN+ Str+3} (curse)
rCorr    .         Rampage  .   x - +2 pair of gloves {Str+3}
Will     +++++     Clarity  +   c - +1 pair of boots of the Fife {rElec rN+ Regen+ Str+2}
Stlth    +.........             o - amulet of the Eagle {Reflect rF++ rC+++ Str-5 Int-3 SH+5}
HPRegen  0.96/turn              Q - ring of Xoserir {rF- rN+ Will+ Str+6}
MPRegen  0.21/turn              b - +4 ring of slaying

@: protected from cold, hasted, repel missiles, very quick
A: retaliatory headbutt, claws 1, horns 2, talons 1, molten scales 1, clarity,
deterioration 1, low mp 2, poison resistance, robust 1, screaming 1, subdued
magic 1
}: 5/15 runes: decaying, serpentine, slimy, silver, abyssal
a: Renounce Religion, Upheaval, Elemental Force, Disaster Area


You were in Pandemonium.
You worshipped Qazlal.
Qazlal was exalted by your worship.
You visited 10 branches of the dungeon, and saw 52 of its levels.
You visited Pandemonium 1 time, and saw 2 of its levels.
You visited the Abyss 1 time.
You also visited: Trove, Sewer, Bailey, Ice Cave and Wizlab.

You collected 10767 gold pieces.
You spent 3517 gold pieces at shops.

Inventory:

Hand Weapons
 r - a +9 vorpal double sword (weapon)
Armour
 c - the +1 pair of boots of the Fife (worn) {rElec rN+ Regen+ Str+2}
   (You found it on level 3 of the Swamp)

   It affects your strength (+2).
   It insulates you from electricity.
   It protects you from negative energy.
   It increases your rate of regeneration.
 n - the +4 steam dragon scales of Moral Flaws (worn) {rF+ Slay+3}
   (You found it in a bailey)

   It affects your accuracy and damage with ranged weapons and melee attacks
   (+3).
   It protects you from fire.
 s - the cursed +0 cloak of Hangman (worn) {rN+ Str+3}
   (You found it in a bailey)

   It affects your strength (+3).
   It protects you from negative energy.
   It has a curse placed upon it.
 u - the +1 hat of Watchfulness (worn) {*Contam rPois rC+ Will+}
   (You found it in a treasure trove)

   It protects you from cold.
   It protects you from poison.
   It affects your willpower, your defense against some magical effects.
   It causes magical contamination when unequipped.
 x - a +2 pair of gloves of strength (worn)
 S - the +5 kite shield "Kurekk" (worn) {Will+ Str+3}
   (You found it on level 6 of the Lair of Beasts)

   It affects your strength (+3).
   It affects your willpower, your defense against some magical effects.
Jewellery
 b - a +4 ring of slaying (right hand)
 f - an uncursed ring of protection from fire
 g - a cursed amulet of faith
 o - the amulet of the Eagle (around neck) {Reflect rF++ rC+++ Str-5 Int-3 SH+5}
   (You found it on level 1 of the Depths)

   [amulet of reflection]

   It shields you and reflects attacks.
   It affects your strength (-5).
   It affects your intelligence (-3).
   It greatly protects you from fire.
   It renders you almost immune to cold.
   It affects your SH (+5).
 Q - the ring of Xoserir (left hand) {rF- rN+ Will+ Str+6}
   (You found it on level 3 of the Lair of Beasts)

   [ring of positive energy]

   It affects your strength (+6).
   It makes you vulnerable to fire.
   It protects you from negative energy.
   It affects your willpower, your defense against some magical effects.
Wands
 d - a wand of disintegration (12)
 e - a wand of enslavement (27)
 v - a wand of polymorph (36)
 B - a wand of iceblast (9)
 P - a wand of paralysis (31)
 U - a wand of digging (11)
Scrolls
 m - 37 scrolls of remove curse
 q - 30 scrolls of teleportation
 y - 9 scrolls of identify
 E - 7 scrolls of fog
 F - a scroll of enchant weapon
 J - 2 scrolls of summoning
 K - a scroll of silence
 M - 8 scrolls of fear
 N - 5 scrolls of holy word
 O - 8 scrolls of amnesia
 R - a scroll of blinking
 T - 3 scrolls of magic mapping
Potions
 h - 23 potions of curing
 j - 3 potions of haste
 k - 8 potions of brilliance
 t - 11 potions of flight
 w - 4 potions of magic
 z - 5 potions of cancellation
 C - 2 potions of invisibility
 D - 4 potions of ambrosia
 L - 7 potions of berserk rage
 Z - a potion of mutation
Miscellaneous
 a - a condenser vane
 i - a tin of tremorstones (2/2)
 l - a phantom mirror
 p - a phantom mirror
 H - a phial of floods
 I - a phial of floods
 X - a lightning rod (4/4)


   Skills:
 + Level 22.5 Fighting
 + Level 25.9 Long Blades
 + Level 22.2 Armour
 + Level 22.5 Dodging
 + Level 20.0 Shields
 - Level 18.5 Invocations
 - Level 17.5 Evocations


You had 26 spell levels left.
You didn't know any spells.
Your spell library contained the following spells:

 Spells                   Type           Power        Failure   Level
 Animate Skeleton         Necr           0%           50%         1
 Apportation              Tloc           0%           50%         1
 Beastly Appendage        Tmut           0%           50%         1
 Corona                   Hex            0%           50%         1
 Foxfire                  Conj/Fire      0%           50%         1
 Magic Dart               Conj           0%           50%         1
 Pain                     Necr           0%           50%         1
 Sandblast                Erth           0%           50%         1
 Shock                    Conj/Air       0%           50%         1
 Sting                    Tmut/Pois      0%           50%         1
 Summon Small Mammal      Summ           0%           50%         1
 Blink                    Tloc           N/A          65%         2
 Call Imp                 Summ           0%           65%         2
 Corpse Rot               Necr/Air       N/A          65%         2
 Ensorcelled Hibernation  Hex/Ice        0%           65%         2
 Passwall                 Tmut/Erth      0%           65%         2
 Poisonous Vapours        Pois/Air       0%           65%         2
 Searing Ray              Conj           0%           65%         2
 Slow                     Hex            0%           65%         2
 Sublimation of Blood     Necr           0%           65%         2
 Swiftness                Air            0%           65%         2
 Wereblood                Tmut           0%           65%         2
 Confusing Touch          Hex            0%           87%         3
 Conjure Flame            Conj/Fire      0%           87%         3
 Dazzling Flash           Conj/Hex       0%           87%         3
 Gell's Gravitas          Tloc           0%           87%         3
 Ignite Poison            Fire/Tmut/Pois 0%           87%         3
 Inner Flame              Hex/Fire       0%           87%         3
 Lesser Beckoning         Tloc           0%           87%         3
 Mephitic Cloud           Conj/Pois/Air  0%           87%         3
 Ozocubu's Armour         Ice            0%           87%         3
 Portal Projectile        Hex/Tloc       0%           87%         3
 Spider Form              Tmut/Pois      0%           87%         3
 Static Discharge         Conj/Air       0%           87%         3
 Stone Arrow              Conj/Erth      0%           87%         3
 Tukima's Dance           Hex            0%           87%         3
 Vampiric Draining        Necr           0%           87%         3
 Airstrike                Air            0%           99%         4
 Animate Dead             Necr           0%           99%         4
 Cause Fear               Hex            0%           99%         4
 Dispel Undead            Necr           0%           99%         4
 Fulminant Prism          Conj/Hex       0%           99%         4
 Ice Form                 Ice/Tmut       0%           99%         4
 Iskenderun's Mystic Bla  Conj/Tloc      0%           99%         4
 Leda's Liquefaction      Hex/Erth       0%           99%         4
 Olgreb's Toxic Radiance  Pois           0%           99%         4
 Petrify                  Tmut/Erth      0%           99%         4
 Agony                    Necr           0%           100%        5
 Alistair's Intoxication  Tmut/Pois      0%           100%        5
 Blade Hands              Tmut           0%           100%        5
 Bolt of Magma            Conj/Fire/Erth 0%           100%        5
 Excruciating Wounds      Necr           0%           100%        5
 Irradiate                Conj/Tmut      0%           100%        5
 Iskenderun's Battlesphe  Conj           0%           100%        5
 Lee's Rapid Deconstruct  Erth           0%           100%        5
 Lightning Bolt           Conj/Air       0%           100%        5
 Metabolic Englaciation   Hex/Ice        0%           100%        5
 Silence                  Hex/Air        0%           100%        5
 Summon Demon             Summ           0%           100%        5
 Summon Forest            Summ/Tloc      0%           100%        5
 Summon Mana Viper        Hex/Summ       0%           100%        5
 Yara's Violent Unravell  Hex/Tmut       0%           100%        5
 Eringya's Noxious Bog    Tmut/Pois      0%           100%        6
 Freezing Cloud           Conj/Ice/Air   0%           100%        6
 Hydra Form               Tmut           0%           100%        6
 Invisibility             Hex            0%           100%        6
 Iron Shot                Conj/Erth      0%           100%        6
 Ozocubu's Refrigeration  Ice            0%           100%        6
 Shadow Creatures         Summ           N/A          100%        6
 Simulacrum               Ice/Necr       0%           100%        6
 Statue Form              Tmut/Erth      0%           100%        6
 Dragon Form              Tmut           0%           100%        7
 Haunt                    Necr/Summ      0%           100%        7
 Orb of Destruction       Conj           0%           100%        7
 Spellforged Servitor     Conj/Summ      0%           100%        7
 Summon Hydra             Summ           0%           100%        7
 Borgnjor's Revivificati  Necr           0%           100%        8
 Discord                  Hex            0%           100%        8
 Disjunction              Tloc           0%           100%        8
 Infestation              Necr           0%           100%        8
 Necromutation            Tmut/Necr      0%           100%        8
 Death's Door             Necr           0%           100%        9
 Dragon's Call            Summ           0%           100%        9


Dungeon Overview and Level Annotations

Branches:
Dungeon (15/15)            Temple (0/1) D:7            Lair (6/6) D:10
  Swamp (4/4) Lair:2        Snake (4/4) Lair:3        Slime (5/5) Lair:5
    Orc (2/2) D:9             Elf (3/3) Orc:2        Vaults (5/5) D:13
  Crypt (0/3) Vaults:3     Depths (5/5) D:15            Zot (3/5) Depths:5
  Sewer (visited)          Bailey (visited)           IceCv (visited)
 WizLab (visited)

Altars:
Dithmenos
Elyvilon
Gozag
Makhleb
Qazlal
Ru
Sif Muna
Trog
Uskayaw
Xom
Zin
The Shining One
Beogh

Shops:
D:7 *   Orc:2 (=*?   Elf:3 !   Snake:1 !(}(   Snake:4 ((====?   Vaults:2 =
Vaults:3 !   Vaults:4 *   Vaults:5 =   Depths:5 =}}

Portals:
Hell: Depths:1 Depths:2 Depths:3 Depths:4 Depths:5
Abyss: Depths:4
Pandemonium: Depths:3
Ziggurat: Depths:2

Annotations:
D:11 2 transporters, pgiattino's ghost, journeyman DEFE
Depths:2 1 runed translucent door
Zot:2 2 transporters
Zot:3 2 transporters, exclusion: orange crystal statue
Pan Lom Lobon


Innate Abilities, Weirdness & Mutations

You reflexively headbutt those who attack you in melee.
You have a pair of horns on your head.
You have sharp fingernails.
You have sharp toenails.
You are partially covered in molten scales. (AC +2)
You possess an exceptional clarity of mind.
Your body sometimes deteriorates upon taking damage.
Your magical capacity is very low. (-20% MP)
Your system is resistant to poisons. (rPois)
You are robust. (+10% HP)
You occasionally shout uncontrollably at your foes.
Your spells are a little easier to cast, but a little less powerful.


Message History

The ice encasing you melts away.
The titan mumbles some strange words.
The titan is healed somewhat.
Unknown command.
Unknown command.
You slice Lom Lobon!! Your headbutt misses Lom Lobon.
Lom Lobon is almost dead.
Lom Lobon gestures.
Lom Lobon is healed.
The titan hits you!!
* * * LOW HITPOINT WARNING * * *
Unknown command.
Unknown command.
Unknown command.
You slash Lom Lobon! Your headbutt misses Lom Lobon.
Lom Lobon is severely wounded.
Unknown command.
You closely miss Lom Lobon. Your headbutt misses Lom Lobon.
Lom Lobon is severely wounded.
Lom Lobon hits you!!
You die...

#°.....[........#≈..†.≈≈
#...............#≈...≈≈≈
#☼..............##..≈≈≈≈ #######
*#.............#*#.....≈
......### #.............# ##.....
......#.# ##...........## ###...
.....##.# ###.☼.○...### ####
.....#..# ###°..### *###≈
....##..# ##C@.## *##≈≈≈≈
....'...# ###§§&## ##≈≈≈≈≈≈
...##...# ##§☼§☼≈≈## #≈≈≈≈≈≈≈
...#....# #☼☼§§○≈≈≈## ##≈≈≈≈≈≈.
#######'# #○§§.≈≈≈≈≈### #.≈≈≈≈≈..
...#....# #☼§...≈≈≈≈≈≈###.≈≈≈≈≈≈.
...#.(..#*#☼....≈≈≈≈.).)...≈≈≈≈≈≈
...#....#≈#.......)/≈≈≈....)≈≈≈≈≈
...'....#≈##...≈≈≈≈≈≈≈≈###.)÷≈≈≈≈


You could see Lom Lobon (gusty) and a titan (frozen).

Vanquished Creatures
  the Royal Jelly (Slime:5)
  An ancient lich (Vaults:5)
  Mara (Swamp:3)
  2 royal mummies
  Boris (thrice) (Depths:4 Vaults:2 Vaults:3)
  4 caustic shrikes (Depths:5)
  Vashnia (Snake:4)
  Margery (Depths:3)
  The ghost of woolyfrog the Slayer, an adept MiFi of Ru (Vaults:4)
  The ghost of Tirrikindir the Warrior, a veteran FoFi of Qazlal (Vaults:4)
  6 golden dragons
  Jory (Vaults:4)
  A profane servitor (Abyss:2)
  the Enchantress (Depths:3)
  A bone dragon (Depths:5)
  11 Tzitzimimeh (Pan)
  5 Brimstone Fiends (Pan)
  Jorgrun (Elf:2)
  6 liches
  17 tentacled monstrosities
  An Ice Fiend (IceCv)
  5 quicksilver dragons
  Asterion (Elf:3)
  3 deep elf blademasters
  8 titans
  23 acid blobs
  2 deep elf master archers (Elf:3)
  2 tentacled starspawn
  7 sphinxes
  3 thorn hunters (Swamp:4)
  8 death cobs
  Donald (Orc:2)
  6 shadow dragons
  17 storm dragons
  12 nagarajas
  13 azure jellies
  3 draconian monks
  A fenstrider witch (Swamp:3)
  4 fire giants
  5 tengu reavers
  Roxanne (Snake:2)
  An azure jelly (shapeshifter) (Depths:2)
  5 deep elf sorcerers
  3 blood saints (Pan)
  A fire giant (shapeshifter) (Vaults:5)
  8 frost giants
  An orc warlord (Vaults:4)
  2 ghost moths
  6 draconian scorchers
  4 draconian knights
  A balrug (Depths:4)
  20 vault wardens
  Aizul (Depths:3)
  5 draconian shifters
  An emperor scorpion (Depths:3)
  A cacodemon (Pan)
  A caustic shrike zombie (Depths:4)
  A juggernaut zombie (Depths:4)
  5 deep elf elementalists (Elf:3)
  4 war gargoyles
  6 draconian stormcallers
  22 ironheart preservers
  5 caustic shrike skeletons (Depths:3)
  11 draconian annihilators
  A reaper (Pan)
  6 spriggan defenders
  14 stone giants
  13 very ugly things
  8 green draconians
  7 red draconians
  2 vampire knights
  5 deep elf demonologists
  7 black draconians
  4 corrupters (Pan)
  A black sun (Pan)
  5 yellow draconians
  9 bunyips
  11 white draconians
  8 deep elf annihilators
  6 spark wasps (Depths:1)
  An entropy weaver (Vaults:4)
  10 green deaths (Pan)
  5 purple draconians
  Snorg (Orc:1)
  6 deep elf death magi
  16 ettins
  An eidolon (Vaults:3)
  5 deep elf high priests
  6 blizzard demons (Pan)
  8 yaktaur captains
  A shambling mangrove (Swamp:4)
  A crystal guardian (Vaults:4)
  4 eleionomae
  2 jiangshi (Depths:1)
  10 death oozes (Slime:5)
  A merfolk javelineer (Depths:1)
  10 great orbs of eyes
  18 ogre magi
  13 fire dragons
  Fannar (D:11)
  A ragged hierophant (Vaults:4)
  2 monstrous demonspawn (Pan)
  43 vault guards
  3 rakshasas
  Erolcha (D:11)
  27 naga warriors
  An ice dragon (shapeshifter) (Depths:2)
  11 ice dragons
  13 anacondas
  A hell beast (Pan)
  8 spriggan air magi
  A catoblepas (D:13)
  9 alligators
  26 hydras
  15 centaur warriors
  3 death knights (Vaults:4)
  6 boulder beetles
  12 death yaks
  25 dancing weapons
  46 two-headed ogres
  8 deep troll earth magi
  8 tengu warriors
  A vampire mage (Depths:1)
  4 thrashing horrors (Abyss:2)
  8 spriggan berserkers
  2 deep troll shamans
  20 naga sharpshooters
  5 sun demons
  8 shock serpents
  Nergalle (D:12)
  18 deep elf knights
  A storm dragon zombie (Vaults:5)
  12 hell knights
  2 soul eaters
  3 wretched stars
  A fire crab (Lair:4)
  12 small abominations
  21 large abominations
  A shadow wraith (Abyss:3)
  A salamander mystic (Snake:3)
  7 sixfirhies
  3 skeletal warriors (Vaults:2)
  7 sea snakes (Snake:4)
  A spatial maelstrom (Abyss:3)
  3 infernal demonspawn (Pan)
  An iron troll (Depths:1)
  A spark wasp zombie (Depths:4)
  6 goliath frogs
  A glowing orange brain (Depths:2)
  A torturous demonspawn (Pan)
  2 unseen horrors
  5 flayed ghosts
  8 naga ritualists
  3 shadow demons (Pan)
  12 spriggan druids
  A goliath frog zombie (Swamp:4)
  34 deep trolls
  16 swamp dragons
  An iron dragon zombie (Depths:4)
  4 harpies (Vaults:5)
  13 ironbrand convokers
  A tengu zombie (Depths:4)
  14 deep elf archers
  3 phantasmal warriors
  11 bog bodies
  6 necromancers
  12 orc knights
  3 wizards
  11 mana vipers
  An orc sorcerer (Elf:2)
  A frost giant zombie (Depths:4)
  2 cyclopes (shapeshifter)
  63 deep elf magi
  11 salamanders
  3 wolf spiders
  12 cyclopes
  2 manticores
  3 will-o-the-wisps
  4 shining eyes
  28 ugly things
  19 moths of wrath
  A manticore (shapeshifter) (Depths:5)
  14 guardian serpents
  A spriggan zombie (Depths:4)
  28 black mambas
  16 naga magi
  An apocalypse crab (Abyss:3)
  An ice statue (IceCv)
  6 centaur zombies
  An eye of devastation (shapeshifter) (Vaults:2)
  19 vault sentinels
  4 orange demons
  3 eyes of devastation
  28 smoke demons
  14 cane toads
  2 torpor snails
  4 gargoyles
  3 elf zombies (Depths:4)
  A hellion (Pan)
  5 rime drakes
  46 yaktaurs
  An efreet (D:14)
  3 anaconda simulacra (IceCv)
  A golden dragon simulacrum (IceCv)
  7 ice devils
  10 freezing wraiths
  12 komodo dragons
  6 demonic crawlers (Pan)
  16 hellwings (Pan)
  A bloated husk (Swamp:4)
  A red devil (Pan)
  6 tengu conjurers
  3 ancient zymes (Abyss:2)
  A queen bee (D:9)
  2 polar bears
  A silent spectre (Abyss:3)
  A queen bee (shapeshifter) (D:14)
  12 tyrant leeches
  3 guardian mummies (Depths:4)
  8 trolls
  2 wolf spider simulacra
  3 saltlings (Vaults:4)
  An ettin zombie (Vaults:5)
  23 hornets
  69 slime creatures
  2 raiju (Abyss:3)
  23 blink frogs
  A frost giant simulacrum (Vaults:5)
  A fire dragon zombie (WizLab)
  A stone giant simulacrum (Vaults:1)
  A meliai zombie (D:13)
  2 shadows
  A flying skull (Abyss:2)
  6 ynoxinuls
  48 spriggans
  5 air elementals
  7 wraiths
  2 redbacks (Vaults:4)
  A spriggan (shapeshifter) (Vaults:4)
  13 starcursed masses
  5 wyverns
  A wyvern (shapeshifter) (Vaults:2)
  3 dire elephant simulacra (IceCv)
  An ettin skeleton (Abyss:3)
  Sigmund (D:4)
  A redback (shapeshifter) (Vaults:5)
  101 yaks
  A vampire (D:14)
  5 water elementals
  2 fire elementals (Elf:2)
  7 golden eyes
  A hog (shapeshifter) (Vaults:5)
  10 chaos spawn
  A steam dragon (D:11)
  18 vampire mosquitoes
  2 yaktaur simulacra
  2 basilisks
  4 neqoxecs
  Menkaure (D:6)
  6 wargs
  2 iron troll simulacra (IceCv)
  2 spriggan skeletons (Swamp:4)
  A soldier ant (D:13)
  81 nagas
  Duvessa (D:6)
  3 acid dragons
  4 harpy simulacra
  14 swamp worms
  12 water moccasins
  A water moccasin (shapeshifter) (Vaults:4)
  4 hydra simulacra (IceCv)
  2 floating eyes
  2 hell hounds (Abyss:2)
  2 ice beasts
  A hornet zombie (D:13)
  8 swamp drakes
  An alligator simulacrum (IceCv)
  32 orc warriors
  An ice dragon simulacrum (Abyss:2)
  4 sky beasts
  5 black bears
  A black bear (shapeshifter) (Vaults:1)
  7 eyes of draining
  4 phantoms
  2 ettin simulacra (IceCv)
  3 necrophages
  3 wolves (Lair:1)
  59 ogres
  16 boggarts
  36 centaurs
  8 big kobolds
  Blork the orc (D:6)
  44 bullfrogs
  A gnoll sergeant (D:10)
  5 earth elementals
  11 scorpions
  Dowan (D:6)
  27 killer bees
  An orc simulacrum (Vaults:1)
  27 wights
  3 howler monkeys
  An electric eel (Lair:6)
  2 bullfrog zombies
  11 orc priests
  3 hounds
  3 quasits
  A draconian simulacrum (IceCv)
  11 jellies
  23 orc wizards
  5 bullfrog skeletons
  2 iron imps
  5 centaur skeletons
  8 iguanas
  10 worker ants
  5 hell rats (Lair:3)
  4 troll simulacra (IceCv)
  A wolf simulacrum (IceCv)
  4 centaur simulacra (IceCv)
  A hound zombie (D:7)
  7 mummies
  A worker ant zombie (D:8)
  16 gnolls
  20 adders
  A naga simulacrum (IceCv)
  A river rat (Sewer)
  A shadow imp (D:8)
  12 white imps
  13 ufetubi
  2 oozes
  3 worms
  5 dart slugs
  3 leopard geckos
  78 orcs
  12 giant cockroaches
  51 goblins
  22 hobgoblins
  14 jackals
  26 kobolds
  7 quokkas
  19 bats
  4 frilled lizards
  A hobgoblin zombie (D:8)
  2 kobold zombies (D:8)
  An orc zombie (D:8)
  12 rats
  3 briar patches (Swamp:4)
  4 butterflies (Lair:3)
  3 crawling corpses
  A fire vortex (Depths:2)
2831 creatures vanquished.

Vanquished Creatures (collateral kills)
  A tentacled monstrosity (Depths:4)
  4 acid blobs (Slime:5)
  A shadow dragon (Vaults:5)
  A fire giant (Vaults:5)
  An azure jelly (Slime:5)
  A spriggan defender (Depths:4)
  A death ooze (Slime:5)
  A yaktaur captain (Depths:4)
  2 great orbs of eyes (Slime:5)
  An ice dragon (Depths:4)
  A hydra (Lair:1)
  An ogre mage (Vaults:5)
  A deep troll (Vaults:5)
  An ugly thing (Depths:1)
  A deep elf mage (Elf:2)
  3 yaktaurs
22 creatures vanquished.

Vanquished Creatures (others)
  An ancient lich (Vaults:5)
  A fire giant (Depths:5)
  A nagaraja (Snake:4)
  A green death (Pan)
  A hydra (Swamp:4)
  A spriggan air mage (Depths:3)
  A swamp dragon (Swamp:4)
  A wizard (Pan)
  2 deep elf magi
  A salamander (Snake:1)
  4 bloated husks
  2 hornets (Depths:3)
  4 spriggans
  2 yaks (Depths:3)
  A chaos spawn (Pan)
  A swamp worm (Swamp:4)
  A water moccasin (shapeshifter) (Vaults:2)
  A boggart (Depths:1)
  An ogre (Vaults:2)
  10 ball lightnings (Pan)
  A briar patch (Swamp:4)
  A bush (Depths:3)
  18 foxfires
  72 fungi
  A lurking horror (Abyss:2)
  134 plants
  3 starspawn tentacles
  4 toadstools (Depths:4)
272 creatures vanquished.

Grand Total: 3125 creatures vanquished

Notes
Turn   | Place    | Note
-------+----------+-------------------------------------------
     0 | D:1      | ZappyNine the Minotaur Fighter began the quest for the Orb.
     0 | D:1      | Reached XP level 1. HP: 19/19 MP: 0/0
   178 | D:1      | Reached skill level 3 in Long Blades
   178 | D:1      | Reached XP level 2. HP: 27/27 MP: 1/1
   629 | D:1      | Reached XP level 3. HP: 34/34 MP: 2/2
   808 | D:2      | Found a faded altar of an unknown god.
  1154 | D:2      | Reached skill level 4 in Long Blades
  1157 | D:2      | Found a burning altar of Makhleb.
  1165 | D:2      | Reached XP level 4. HP: 37/41 MP: 3/3
  1165 | D:2      | Found a shimmering altar of Xom.
  1331 | D:2      | Reached skill level 5 in Fighting
  1413 | D:2      | You fall into a shaft and drop 2 floors!
  1623 | D:3      | Reached XP level 5. HP: 34/49 MP: 4/4
  1635 | D:3      | Found a white marble altar of Elyvilon.
  1729 | D:3      | Found a stormy altar of Qazlal.
  1976 | D:3      | Gained mutation: Armour fits poorly on your strangely
                  | shaped body. [potion of mutation]
  1976 | D:3      | Gained mutation: You possess an exceptional clarity of
                  | mind. [potion of mutation]
  1976 | D:3      | Lost mutation: You possess an exceptional clarity of mind.
                  | [potion of mutation]
  1976 | D:3      | Gained mutation: You have a pair of large horns on your
                  | head. [potion of mutation]
  1981 | D:3      | You fall into a shaft and drop 1 floor!
  1992 | D:3      | Reached skill level 5 in Long Blades
  1993 | D:3      | Lost mutation: You have a pair of large horns on your head.
                  | [potion of mutation]
  1993 | D:3      | Lost mutation: Armour fits poorly on your strangely shaped
                  | body. [potion of mutation]
  1993 | D:3      | Gained mutation: Your spells are a little harder to cast,
                  | but a little more powerful. [potion of mutation]
  1993 | D:3      | Gained mutation: Your muscles are strong. (Str +2) [potion
                  | of mutation]
  1993 | D:3      | Gained mutation: Your flesh is heat resistant. (rF+)
                  | [potion of mutation]
  1993 | D:3      | Gained mutation: You have large cloven feet. [potion of
                  | mutation]
  2514 | D:3      | Reached skill level 1 in Dodging
  2666 | D:3      | Reached XP level 6. HP: 57/57 MP: 5/5
  2795 | D:3      | Reached skill level 6 in Long Blades
  2801 | D:3      | Reached skill level 5 in Armour
  2801 | D:3      | Reached XP level 7. HP: 45/62 MP: 6/6
  3115 | D:3      | Found a glowing silver altar of Zin.
  3115 | D:3      | Found an opulent altar of Gozag.
  3756 | D:4      | Found a hide-covered altar of Uskayaw.
  3756 | D:4      | Found a bloodstained altar of Trog.
  4146 | D:4      | Found a shadowy altar of Dithmenos.
  4248 | D:4      | Reached skill level 7 in Long Blades
  4414 | D:4      | Noticed Sigmund
  4423 | D:4      | Killed Sigmund
  4424 | D:4      | Reached XP level 8. HP: 66/70 MP: 7/7
  4537 | D:5      | Entered Level 5 of the Dungeon
  4742 | D:5      | Reached skill level 5 in Dodging
  4846 | D:5      | Found a glowing drain.
  4862 | Sewer    | Entered a sewer
  5118 | Sewer    | Found a glowing silver altar of Zin.
  5249 | D:3      | Became a worshipper of Qazlal Stormbringer
  5302 | D:5      | Found a glowing golden altar of the Shining One.
  5547 | D:5      | Found a shadowy altar of Dithmenos.
  5582 | D:6      | Reached skill level 8 in Long Blades
  5582 | D:6      | Noticed Menkaure
  5590 | D:6      | Killed Menkaure
  5626 | D:6      | Identified a scroll of acquirement
  5626 | D:6      | Acquired a +2 vorpal double sword
  5825 | D:6      | Noticed Duvessa
  5825 | D:6      | Noticed Dowan
  5831 | D:6      | Killed Dowan
  5839 | D:6      | Killed Duvessa
  5840 | D:6      | Reached XP level 9. HP: 39/79 MP: 8/8
  6047 | D:6      | Noticed Blork the orc
  6052 | D:6      | Killed Blork the orc
  6125 | D:6      | You fall into a shaft and drop 3 floors!
  6136 | D:9      | Noticed a seven-headed hydra
  6145 | D:8      | Reached skill level 9 in Long Blades
  6149 | D:8      | Found a shadowy altar of Dithmenos.
  6219 | D:7      | Found a staircase to the Ecumenical Temple.
  6329 | D:7      | Reached * piety under Qazlal
  6418 | D:7      | Found Sesudaff's General Store.
  6459 | D:6      | Got a brightly glowing chain mail
  6460 | D:6      | Identified the +6 chain mail "Cokhly" {-Cast rPois MP+9
                  | Dex+2} (You found it on level 6 of the Dungeon)
  6632 | D:6      | Found a sacrificial altar of Ru.
  7487 | D:7      | Reached skill level 10 in Long Blades
  8067 | D:8      | Found Renukiups's Distillery.
  8087 | D:8      | Bought a potion of heal wounds for 80 gold pieces
  8190 | D:8      | Found a shimmering blue altar of Sif Muna.
  8244 | D:9      | Reached ** piety under Qazlal
  8293 | D:9      | Reached XP level 10. HP: 90/90 MP: 9/9
  8314 | D:9      | Reached skill level 5 in Shields
  8331 | D:9      | Reached skill level 11 in Long Blades
  8400 | D:9      | Noticed a two-headed ogre
  8408 | D:9      | Killed a two-headed ogre
  8482 | D:9      | Found a staircase to the Orcish Mines.
  9188 | D:10     | Entered Level 10 of the Dungeon
  9197 | D:10     | Reached skill level 1 in Invocations
  9327 | D:10     | Reached *** piety under Qazlal
  9345 | D:10     | Reached skill level 5 in Invocations
  9351 | D:10     | Noticed a two-headed ogre
  9356 | D:10     | Killed a two-headed ogre
  9357 | D:10     | Reached XP level 11. HP: 97/97 MP: 14/14
  9358 | D:10     | Found a staircase to the Lair.
  9500 | D:10     | Identified the +7 war axe of Massacring {protect, rF+}
  9671 | D:10     | Noticed a two-headed ogre
  9675 | D:10     | Killed a two-headed ogre
 10161 | D:11     | Found a transporter.
 10170 | D:11     | Noticed a brown ugly thing
 10178 | D:11     | Killed a brown ugly thing
 10212 | D:11     | Found the +4 robe of Augmentation {Str+4 Int+4 Dex+4}
 10216 | D:11     | Noticed a skeletal warrior
 10228 | D:11     | Noticed a green ugly thing
 10239 | D:11     | Noticed Fannar
 10246 | D:11     | Killed a green ugly thing
 10276 | D:11     | Killed Fannar
 10305 | D:11     | Noticed pgiattino's ghost (journeyman DEFE)
 10316 | D:11     | Reached skill level 10 in Invocations
 10580 | D:11     | Found a transporter.
 10596 | D:11     | Reached **** piety under Qazlal
 10610 | D:11     | Noticed Erolcha
 10619 | D:11     | Killed Erolcha
 10906 | Lair:1   | Entered Level 1 of the Lair of Beasts
 10923 | Lair:1   | Reached skill level 12 in Long Blades
 10925 | Lair:1   | Reached skill level 10 in Armour
 11026 | Lair:1   | Noticed an eight-headed hydra
 11030 | Lair:1   | Noticed an eight-headed hydra
 11032 | Lair:1   | Killed a nine-headed hydra
 11033 | Lair:1   | Reached XP level 12. HP: 106/106 MP: 18/18
 11044 | Lair:1   | Killed an eight-headed hydra
 11111 | Lair:1   | Reached skill level 10 in Fighting
 12421 | Lair:2   | Reached skill level 13 in Long Blades
 12735 | Lair:2   | Noticed a four-headed hydra
 12742 | Lair:2   | Killed a six-headed hydra
 12884 | Lair:2   | Noticed a seven-headed hydra
 12893 | Lair:2   | Reached ***** piety under Qazlal
 12897 | Lair:2   | Killed an eight-headed hydra
 13131 | Lair:2   | Found a staircase to the Swamp.
 13556 | Lair:3   | Found a staircase to the Snake Pit.
 13608 | Lair:3   | Reached XP level 13. HP: 109/116 MP: 19/19
 13808 | Lair:3   | Got a shimmering turquoise ring
 14253 | Lair:3   | Got a dazzling long sword
 14254 | Lair:3   | Identified the cursed +0 long sword of Ointment {vorpal,
                  | *Corrode rElec rPois Str+2} (You found it on level 3 of the
                  | Lair of Beasts)
 14255 | Lair:3   | Identified the ring of Xoserir {rF- rN+ Will+ Str+6} (You
                  | found it on level 3 of the Lair of Beasts)
 14336 | Lair:2   | Got a fading scale mail
 14337 | Lair:2   | Identified the +5 scale mail of Agnosticism {*Slow rElec
                  | Str+9 Int-5} (You found it on level 2 of the Lair of
                  | Beasts)
 14434 | Lair:4   | Reached skill level 10 in Shields
 14647 | Lair:4   | Reached skill level 14 in Long Blades
 15639 | Lair:5   | Reached skill level 1 in Evocations
 15912 | Lair:5   | Found a staircase to the Slime Pits.
 16552 | Lair:5   | You fall into a shaft and drop 1 floor!
 16552 | Lair:6   | Entered Level 6 of the Lair of Beasts
 16589 | Lair:6   | Reached skill level 5 in Evocations
 16603 | Lair:6   | Got a distressingly furry kite shield
 16609 | Lair:6   | Identified the +5 kite shield "Kurekk" {Will+ Str+3} (You
                  | found it on level 6 of the Lair of Beasts)
 16965 | Lair:6   | Reached XP level 14. HP: 127/127 MP: 20/20
 16987 | Lair:6   | Reached ****** piety under Qazlal
 17514 | Lair:6   | Found a shadowy altar of Dithmenos.
 18771 | D:12     | Found a flagged portal.
 18796 | D:12     | Noticed Nergalle
 18801 | D:12     | Killed Nergalle
 18832 | Bailey   | Entered a bailey
 19230 | Bailey   | Got transparent steam dragon scales
 19234 | Bailey   | Got a smoking cloak
 19256 | D:12     | Identified the +4 steam dragon scales of Moral Flaws {rF+
                  | Slay+3} (You found it in a bailey)
 19257 | D:12     | Identified the cursed +0 cloak of Hangman {rN+ Str+3} (You
                  | found it in a bailey)
 20237 | D:13     | Found an opulent altar of Gozag.
 20524 | D:13     | Found a gate to the Vaults.
 21234 | D:14     | Reached XP level 15. HP: 135/135 MP: 21/21
 21593 | D:14     | Found a gate leading to a gauntlet.
 21847 | D:15     | Entered Level 15 of the Dungeon
 22015 | D:15     | Reached skill level 10 in Dodging
 22107 | D:15     | Found a staircase to the Depths.
 22945 | D:8      | Bought a potion of mutation for 128 gold pieces
 22945 | D:8      | Bought a potion of heal wounds for 80 gold pieces
 22945 | D:8      | Bought 2 potions of mutation for 256 gold pieces
 22945 | D:8      | Bought 2 potions of curing for 96 gold pieces
 22945 | D:8      | Bought a potion of curing for 48 gold pieces
 22945 | D:8      | Bought a potion of curing for 48 gold pieces
 22945 | D:8      | Bought a potion of curing for 48 gold pieces
 22945 | D:8      | Bought a potion of curing for 48 gold pieces
 22945 | D:8      | Bought a potion of curing for 48 gold pieces
 22945 | D:8      | Lost mutation: You have large cloven feet. [potion of
                  | mutation]
 22945 | D:8      | Lost mutation: Your spells are a little harder to cast, but
                  | a little more powerful. [potion of mutation]
 22945 | D:8      | Lost mutation: Your muscles are strong. (Str +2) [potion of
                  | mutation]
 22945 | D:8      | Gained mutation: You are strong-willed. (Will+) [potion of
                  | mutation]
 22945 | D:8      | Gained mutation: You have an increased reservoir of magic.
                  | (+10% MP) [potion of mutation]
 22946 | D:8      | Lost mutation: You have an increased reservoir of magic.
                  | (+10% MP) [potion of mutation]
 22946 | D:8      | Lost mutation: Your flesh is heat resistant. (rF+) [potion
                  | of mutation]
 22946 | D:8      | Lost mutation: You are strong-willed. (Will+) [potion of
                  | mutation]
 22946 | D:8      | Gained mutation: You tend to lose your temper in combat.
                  | [potion of mutation]
 22946 | D:8      | Gained mutation: You have sharp toenails. [potion of
                  | mutation]
 22947 | D:8      | Lost mutation: You have sharp toenails. [potion of
                  | mutation]
 22947 | D:8      | Lost mutation: You tend to lose your temper in combat.
                  | [potion of mutation]
 22947 | D:8      | Gained mutation: You possess an exceptional clarity of
                  | mind. [potion of mutation]
 22947 | D:8      | Gained mutation: You are clumsy. (Dex -2) [potion of
                  | mutation]
 22947 | D:8      | Gained mutation: You have a somewhat thin skeletal
                  | structure. (Dex +2, Stealth) [potion of mutation]
 22948 | D:8      | Lost mutation: You are clumsy. (Dex -2) [potion of
                  | mutation]
 22948 | D:8      | Lost mutation: You have a somewhat thin skeletal structure.
                  | (Dex +2, Stealth) [potion of mutation]
 22948 | D:8      | Gained mutation: You are partially covered in molten
                  | scales. (AC +2) [potion of mutation]
 22948 | D:8      | Gained mutation: You are robust. (+10% HP) [potion of
                  | mutation]
 23124 | Swamp:1  | Entered Level 1 of the Swamp
 24837 | Swamp:3  | Found a frozen archway.
 24855 | Swamp:3  | Reached XP level 16. HP: 97/157 MP: 22/22
 25240 | Swamp:3  | Reached skill level 15 in Shields
 25279 | IceCv    | Entered an ice cave
 26021 | IceCv    | Noticed an Ice Fiend
 26028 | IceCv    | Killed an Ice Fiend
 26404 | Swamp:3  | Noticed a tentacled monstrosity
 26412 | Swamp:3  | Killed a tentacled monstrosity
 26441 | Swamp:3  | Noticed Mara
 26449 | Swamp:3  | Killed Mara
 26861 | Swamp:3  | Got a pair of encrusted boots
 26862 | Swamp:3  | Identified the +1 pair of boots of the Fife {rElec rN+
                  | Regen+ Str+2} (You found it on level 3 of the Swamp)
 26887 | Swamp:4  | Entered Level 4 of the Swamp
 27031 | Swamp:4  | Reached skill level 15 in Dodging
 27451 | Swamp:4  | Reached skill level 15 in Long Blades
 27536 | Swamp:4  | Reached XP level 17. HP: 148/165 MP: 23/23
 27714 | Swamp:4  | Got a decaying rune of Zot
 28533 | Depths:1 | Entered Level 1 of the Depths
 28850 | D:9      | Found a stormy altar of Qazlal.
 29238 | Orc:1    | Entered Level 1 of the Orcish Mines
 29241 | Orc:1    | Noticed Snorg
 29254 | Orc:1    | Killed Snorg
 29433 | Orc:2    | Entered Level 2 of the Orcish Mines
 29433 | Orc:2    | Found a staircase to the Elven Halls.
 29490 | Orc:2    | Reached skill level 16 in Long Blades
 29491 | Orc:2    | Noticed Donald
 29496 | Orc:2    | Paralysed by an ogre mage for 6 turns
 29515 | Orc:2    | Killed Donald
 29779 | Orc:2    | Paralysed by an ogre mage for 7 turns
 29870 | Orc:2    | Found Zafreij's General Store.
 29870 | Orc:2    | Found Oblam's Magic Scroll Shop.
 29873 | Orc:2    | Found Nafio's Antique Weapon Boutique.
 29873 | Orc:2    | Found Higam's Jewellery Emporium.
 29888 | Orc:2    | Bought a scroll of acquirement for 936 gold pieces
 29888 | Orc:2    | Acquired 663 gold pieces
 29919 | Orc:2    | Found a roughly hewn altar of Beogh.
 30496 | Depths:1 | Found a gateway to Hell.
 30580 | Depths:1 | Reached skill level 17 in Long Blades
 30759 | Depths:1 | Reached XP level 18. HP: 129/177 MP: 24/24
 31226 | Depths:1 | Got a steaming diamond amulet
 31227 | Depths:1 | Identified the amulet of the Eagle {Reflect rF++ rC+++
                  | Str-5 Int-3 SH+5} (You found it on level 1 of the Depths)
 31379 | Depths:2 | Found a gateway to a ziggurat.
 31737 | Depths:2 | Reached skill level 15 in Fighting
 31854 | Depths:2 | You fall into a shaft and drop 2 floors!
 31858 | Depths:4 | Found a one-way gate to the infinite horrors of the Abyss.
 31859 | Depths:4 | Noticed a lich
 31861 | Depths:4 | Killed a lich
 31901 | Depths:3 | Reached skill level 18 in Long Blades
 31987 | Depths:2 | Noticed a juggernaut
 31988 | Depths:2 | Noticed a tentacled monstrosity
 32011 | Depths:2 | Found a runed translucent door.
 32021 | Depths:2 | Killed a tentacled monstrosity
 32081 | Depths:2 | Reached skill level 15 in Armour
 33231 | Depths:3 | Noticed Aizul
 33239 | Depths:3 | Killed Aizul
 33393 | Depths:3 | Reached XP level 19. HP: 149/189 MP: 17/25
 33400 | Depths:3 | Reached skill level 19 in Long Blades
 33461 | Depths:3 | Noticed the Enchantress
 33724 | Depths:3 | Found a bloodstained altar of Trog.
 33959 | Depths:3 | Killed the Enchantress
 34137 | Depths:3 | Found a one-way gate leading to the halls of Pandemonium.
 34189 | Depths:3 | Paralysed by a sphinx for 4 turns
 34728 | Depths:4 | Noticed Boris
 34741 | Depths:4 | Killed Boris
 34742 | Depths:4 | Noticed Margery
 34943 | Depths:3 | Killed Margery
 35054 | Depths:4 | Reached skill level 20 in Long Blades
 35577 | Depths:4 | Noticed a royal mummy
 35585 | Depths:4 | Killed a royal mummy
 35978 | Depths:5 | Entered Level 5 of the Depths
 36027 | Depths:5 | Reached XP level 20. HP: 201/201 MP: 26/26
 36288 | Depths:5 | Noticed a bone dragon
 36300 | Depths:5 | Killed a bone dragon
 36301 | Depths:5 | Found a gate to the Realm of Zot.
 36304 | Depths:5 | Noticed a golden dragon
 36321 | Depths:5 | Killed a golden dragon
 36450 | Depths:5 | Reached skill level 21 in Long Blades
 36484 | Depths:5 | Noticed a caustic shrike
 36485 | Depths:5 | Noticed a caustic shrike
 36487 | Depths:5 | Noticed a caustic shrike
 36488 | Depths:5 | Killed a caustic shrike
 36489 | Depths:5 | Noticed a caustic shrike
 36492 | Depths:5 | Killed a caustic shrike
 36494 | Depths:5 | Killed a caustic shrike
 36508 | Depths:5 | Killed a caustic shrike
 36910 | Depths:5 | Found Adodecuhav's Jewellery Shoppe.
 36910 | Depths:5 | Found Jicriots's Gadget Shop.
 36911 | Depths:5 | Found Xiemam's Gadget Shop.
 37446 | Elf:1    | Entered Level 1 of the Elven Halls
 37619 | Elf:1    | Found a magical portal.
 37628 | WizLab   | Entered Doroklohe's Tomb
 37897 | WizLab   | Noticed a royal mummy
 37900 | WizLab   | Identified the cursed +0 chain mail of the Butcher {rPois
                  | rC+++ Regen+ Int-4}
 37904 | WizLab   | Killed a royal mummy
 38445 | Elf:1    | Identified the Catalogue of Battle Magic and Calling
 38775 | Elf:2    | Noticed Jorgrun
 38787 | Elf:2    | Killed Jorgrun
 38951 | Elf:2    | Reached XP level 21. HP: 212/212 MP: 27/27
 39533 | Elf:2    | Found a huge runed translucent gate.
 39533 | Elf:2    | Found a huge runed translucent gate.
 39533 | Elf:2    | Found a huge runed translucent gate.
 39533 | Elf:2    | Found a huge runed translucent gate.
 39534 | Elf:2    | Found a huge runed translucent gate.
 39601 | Elf:2    | Reached skill level 22 in Long Blades
 40287 | Elf:3    | Entered Level 3 of the Elven Halls
 40317 | Elf:3    | Identified the +2 quarterstaff "Ynu Elill" {flame, rElec}
                  | (You found it on level 3 of the Elven Halls)
 40591 | Elf:3    | Noticed Asterion
 40596 | Elf:3    | Killed Asterion
 40597 | Elf:3    | Identified the +5 halberd "Vocecw" {venom, rElec Str+4
                  | Dex+3}
 40973 | Elf:3    | Identified the Disquisition on Toxic Snow
 40997 | Elf:3    | Identified the +1 robe "Netroy" {-Cast rN+ rCorr Str+3}
                  | (You found it on level 3 of the Elven Halls)
 41317 | Elf:3    | Found Deca's Distillery.
 41325 | Elf:3    | Bought a potion of curing for 30 gold pieces
 41325 | Elf:3    | Bought a potion of curing for 30 gold pieces
 41325 | Elf:3    | Bought 2 potions of heal wounds for 100 gold pieces
 41325 | Elf:3    | Bought a potion of might for 40 gold pieces
 41325 | Elf:3    | Bought a potion of heal wounds for 50 gold pieces
 41325 | Elf:3    | Bought a potion of might for 40 gold pieces
 42123 | Snake:1  | Entered Level 1 of the Snake Pit
 42154 | Snake:1  | Reached skill level 23 in Long Blades
 42346 | Snake:1  | Reached skill level 10 in Evocations
 42361 | Snake:1  | Found Zikk's Distillery.
 42364 | Snake:1  | Found Nusoetz's Weapon Boutique.
 42374 | Snake:1  | Bought a potion of might for 52 gold pieces
 42374 | Snake:1  | Bought a potion of might for 52 gold pieces
 42374 | Snake:1  | Bought a potion of curing for 39 gold pieces
 42374 | Snake:1  | Bought a potion of heal wounds for 65 gold pieces
 42677 | Snake:1  | Found Tajoed's Weapon Emporium.
 42705 | Snake:1  | Found Zanunwut's Gadget Shoppe.
 42708 | Snake:1  | Bought a tin of tremorstones (2/2) for 560 gold pieces
 43010 | Snake:2  | Reached XP level 22. HP: 148/224 MP: 28/28
 43326 | Snake:2  | Noticed Roxanne
 43343 | Snake:2  | Killed Roxanne
 44932 | Snake:4  | Entered Level 4 of the Snake Pit
 44993 | Snake:4  | Noticed Vashnia
 45061 | Snake:4  | Killed Vashnia
 45332 | Snake:4  | Found Foumash's Jewellery Shoppe.
 45456 | Snake:4  | Found Paighut's Jewellery Shoppe.
 45458 | Snake:4  | Found Orie's Jewellery Emporium.
 45460 | Snake:4  | Found Eboej's Jewellery Shoppe.
 45622 | Snake:4  | Found Texto's Magic Scroll Emporium.
 45991 | Snake:4  | Got a serpentine rune of Zot
 46147 | Snake:4  | Found Vagodex's Antique Weapon Shoppe.
 46387 | Snake:4  | Found Fuyngele's Antique Weapon Boutique.
 46643 | Slime:1  | Entered Level 1 of the Pits of Slime
 46889 | Slime:2  | Gained mutation: Your spells are a little easier to cast,
                  | but a little less powerful. [a shining eye]
 46892 | Slime:2  | Reached XP level 23. HP: 201/232 MP: 30/32
 47918 | Slime:4  | Gained mutation: Scrolls take you a little longer to read.
                  | [a shining eye]
 48089 | Slime:5  | Entered Level 5 of the Pits of Slime
 48104 | Slime:5  | Noticed the Royal Jelly
 48320 | Slime:5  | Gained mutation: Armour fits poorly on your strangely
                  | shaped body. [a shining eye]
 48323 | Slime:5  | Gained mutation: Scrolls take you longer to read. [a
                  | shining eye]
 48325 | Slime:5  | Gained mutation: Your body sometimes deteriorates upon
                  | taking damage. [a shining eye]
 48336 | Slime:5  | Killed the Royal Jelly
 48350 | Slime:5  | Reached skill level 15 in Invocations
 48364 | Slime:5  | Gained mutation: Your magical capacity is low. (-10% MP) [a
                  | shining eye]
 48728 | Slime:5  | Got a slimy rune of Zot
 48757 | Slime:5  | Identified the +2 leather armour "Poxkezo" {Str-3 Int+4
                  | SInv Stlth+} (You found it on level 5 of the Pits of Slime)
 48823 | Slime:5  | Identified the cursed +1 short sword "Xyas" {drain, rPois
                  | Str+2} (You found it on level 5 of the Pits of Slime)
 49524 | Vaults:1 | Entered Level 1 of the Vaults
 49890 | Vaults:1 | Reached skill level 15 in Evocations
 50878 | Vaults:2 | Reached XP level 24. HP: 236/239 MP: 30/30
 51372 | Vaults:2 | Noticed Boris
 51386 | Vaults:2 | Killed Boris
 51567 | Vaults:2 | Found a portal to a secret trove of treasure.
 52663 | Vaults:2 | Found Gogi's Jewellery Shoppe.
 52949 | Vaults:3 | Noticed Boris
 52961 | Vaults:3 | Killed Boris
 53274 | Vaults:3 | Found Sugodd's Distillery.
 53292 | Vaults:3 | Bought a potion of heal wounds for 55 gold pieces
 53557 | Vaults:3 | Found the +8 glaive of the Guard {elec, spectral, AC+5}
 53780 | Vaults:3 | Found a staircase to the Crypt.
 54328 | Vaults:4 | Found a ruined gateway.
 54365 | Vaults:4 | Found a large runed translucent door.
 54366 | Vaults:4 | Found a large runed translucent door.
 54366 | Vaults:4 | Noticed Tirrikindir's ghost (veteran FoFi)
 54366 | Vaults:4 | Noticed woolyfrog's ghost (adept MiFi)
 54457 | Vaults:4 | Killed Tirrikindir's ghost
 54472 | Vaults:4 | Killed woolyfrog's ghost
 54473 | Vaults:4 | Reached XP level 25. HP: 213/248 MP: 31/31
 54548 | Vaults:4 | Found Zebe's General Store.
 54874 | Vaults:4 | Noticed Jory
 54891 | Vaults:4 | Killed Jory
 55689 | Vaults:5 | Entered Level 5 of the Vaults
 55703 | Vaults:5 | Noticed an ancient lich
 55784 | Vaults:5 | Killed an ancient lich
 55899 | Vaults:5 | Noticed an ancient lich
 55903 | Vaults:5 | Reached XP level 26. HP: 99/261 MP: 31/31
 55906 | Vaults:5 | Killed an ancient lich
 56140 | Vaults:5 | Reached skill level 24 in Long Blades
 56356 | Vaults:5 | Identified the +1 robe "Moake" {Rampage Str+4}
 56555 | Vaults:5 | Got a silver rune of Zot
 56706 | Vaults:5 | Identified the +1 cloak of Mezcal {rF- Regen+ Int-4 SInv}
                  | (You found it on level 5 of the Vaults)
 56864 | Vaults:5 | Identified the +9 hand crossbow of Disorder {venom, MP-9
                  | Int+5} (You found it on level 5 of the Vaults)
 56876 | Vaults:5 | Identified the cursed +1 scale mail "Fonloub" {Rampage
                  | *Corrode Int+2} (You found it on level 5 of the Vaults)
 57135 | Vaults:5 | Found Cioruv's Jewellery Boutique.
 57138 | Vaults:5 | Identified the Collected Works on Ashen Shape Shifting
 57952 | Snake:1  | Bought a potion of mutation for 104 gold pieces
 57952 | Snake:1  | Lost mutation: Scrolls take you longer to read. [potion of
                  | mutation]
 57952 | Snake:1  | Lost mutation: Armour fits poorly on your strangely shaped
                  | body. [potion of mutation]
 57952 | Snake:1  | Lost mutation: Scrolls take you a little longer to read.
                  | [potion of mutation]
 57952 | Snake:1  | Gained mutation: You have sharp toenails. [potion of
                  | mutation]
 57952 | Snake:1  | Gained mutation: You have sharp fingernails. [potion of
                  | mutation]
 57952 | Snake:1  | Gained mutation: Your system is resistant to poisons.
                  | (rPois) [potion of mutation]
 58291 | Depths:4 | Voluntarily entered the Abyss.
 58412 | Abyss:2  | Found a corrupted altar of Lugonu.
 58565 | Abyss:2  | Found a radiant altar of Vehumet.
 58658 | Abyss:2  | Paralysed by accursed screaming for 1 turns
 59029 | Abyss:3  | Acquired a +6 double sword of protection
 59041 | Abyss:3  | Gained mutation: You occasionally shout uncontrollably at
                  | your foes. [a neqoxec]
 59163 | Abyss:3  | Got an abyssal rune of Zot
 59222 | Depths:4 | Escaped the Abyss
 59285 | Zot:1    | Entered Level 1 of the Realm of Zot
 59953 | Zot:1    | Reached XP level 27. HP: 273/273 MP: 31/31
 61642 | Zot:2    | Reached skill level 25 in Long Blades
 61719 | Zot:2    | Found a transporter.
 62187 | Zot:2    | Found a transporter.
 62561 | Zot:3    | Found a transporter.
 62574 | Zot:3    | Found a transporter.
 62676 | Zot:3    | Identified the Tome of the Fulmar
 62701 | Zot:3    | Identified the ring "Cumu" {rPois rF+ EV+4 Str+2}
 63364 | Vaults:2 | You paid a toll of +2 storm dragon scales to enter a
                  | treasure trove
 63365 | Trove    | Entered a treasure trove
 63371 | Trove    | Found the +10 tower shield of Ignorance {rN+ Int-4}
 63373 | Trove    | Got a crude plate armour
 63386 | Trove    | Got a dazzling hat
 63414 | Vaults:2 | Identified the +6 plate armour of the Eight Places {*Drain
                  | rPois rN+++ Int+4} (You found it in a treasure trove)
 63415 | Vaults:2 | Identified the +1 hat of Watchfulness {*Contam rPois rC+
                  | Will+} (You found it in a treasure trove)
 63759 | Depths:5 | Bought a wand of digging (7) for 484 gold pieces
 63967 | Pan      | Entered Pandemonium
 64715 | Pan      | Found an exit through the horrors of the Abyss.
 64807 | Pan      | Found a transporter.
 65382 | Pan      | Found a transporter.
 66630 | Pan      | Gained mutation: Your magical capacity is very low. (-20%
                  | MP) [a neqoxec]
 66708 | Pan      | Entered the realm of Lom Lobon.
 67814 | Pan      | Noticed Lom Lobon
 67858 | Pan      | Mangled by Lom Lobon

Illustrated notes

Levels and vault maps discovered:
D:1:      dpeg_arrival_erosion, layout_basic
D:2:      layout_basic, chequers_temple_overflow_statue_of_worship,
          chequers_ecumenical_altar_simple
D:3:      minmay_goblin_kobold_castle, layout_basic,
          grunt_temple_overflow_gold_and_silver, elyvilon_altar_4,
          lemuel_altar_in_water
D:4:      layout_rooms, gammafunk_temple_overflow_elements, serial_curves,
          eino_curves_03, eino_curves_04, grunt_dithmenos_smoke_and_mirrors,
          uniq_sigmund
D:5:      layout_basic, kennysheep_little_box, portal_sewer_entry_d, basic_altar
D:6:      layout_layer_cave, nicolae_ru_sacrificial_ziggurat,
          minmay_a_box_with_orc_wizards_in_it, uniq_menkaure, uniq_duvessa,
          uniq_blork_the_orc
D:7:      layout_basic, minmay_temple_entry_sparse_star, serial_shops,
          nicolae_shop_statue_plus, lemuel_another_geyser
D:8:      layout_basic, overflow_temple_1_default, led_sif_pool, serial_shops,
          shop, minmay_mini_ossuary
D:9:      old_forge, layout_cross, general_overflow_altar, david_orc_3,
          minivault_7
D:10:     layout_loops_ring, due_lair_maze_entry_diamond, glass_columns_b,
          lightli_fourway_metalbox
D:11:     layout_cave_pools, gammafunk_ghost_mausoleum, uniq_erolcha,
          uniq_fannar
D:12:     layout_gridville, enter_bailey_7, minmay_misc_feat_ornament,
          uniq_josephine, uniq_nergalle
D:13:     layout_grid_maze, erik_vaults_2,
          nicolae_gozag_cash_rules_everything_around_me
D:14:     layout_cave_pools, hangedman_decor_push, gauntlet_entry_generic,
          the_bakery
D:15:     grunt_enter_depths_hoard, layout_basic, minmay_misc_feat_tiny
Lair:1:   layout_hall_layers
Lair:2:   layout_roguey, palyth_hydra_swamp_entry, serial_rivers,
          chequers_serial_rivers_micro_a, chequers_serial_rivers_large_a,
          chequers_serial_rivers_small_a, chequers_serial_rivers_micro_c,
          beast_lair_carwin_9, grunt_megastairs_4
Lair:3:   layout_long_grid, guppyfry_snake_entry_garden, special_room,
          lemuel_fruit_fields
Lair:4:   layout_regular_city, infiniplex_staircase_pool_2, serial_bayou_shore_a
Lair:5:   layout_layer_cave, minmay_slime_entry_pillars,
          grunt_forest_stairs_basic
Lair:6:   minmay_lair_end_frog_pond, layout_cave_pods, basic_altar,
          chequers_serial_rivers_micro_d, lemuel_fruit_fields
Swamp:1:  layout_basic_swamp, nicolae_swamp_dense_foliage
Swamp:2:  layout_falls_marsh, serial_swamp_ruin, evilmike_swamp_ruin_house_6,
          evilmike_swamp_ruin_rubble_2
Swamp:3:  layout_basic_swamp, portal_ice_cave_entry_pillars_2,
          evilmike_swamp_ruin_rubble_1, uniq_mara
Swamp:4:  swamp_basic_johnstein, layout_basic_swamp, swamp_pool2,
          grunt_hermit_hut, infiniplex_staircase_pool
Snake:1:  layout_onion_interference, serial_shops, shop, shop_statue, shop,
          nicolae_shop_behind_doors, nicolae_snake_squiggles,
          serial_bayou_shore_b, lemuel_fruit_tree
Snake:2:  layout_rooms, grunt_megastairs_5, uniq_roxanne
Snake:3:  layout_chambers, serial_bayou_shore_b
Snake:4:  grunt_snake_rune_pools, layout_chambers, serial_shops, shop,
          nicolae_shop_statue_plus, shop, shop, nicolae_snake_shapes,
          minmay_shop_star, uniq_vashnia
Slime:1:  layout_caves
Slime:2:  cheibrodos_slime_lost_civilization_9, layout_caves,
          cheibrodos_slime_lost_civilization_4
Slime:3:  layout_caves
Slime:4:  layout_caves, cheibrodos_slime_lost_civilization_5
Slime:5
Orc:1:    layout_caves, basic_altar, uniq_urug, uniq_snorg
Orc:2:    st_orc_ogre_mass, layout_caves, basic_altar, nicolae_orc_bridge_out,
          uniq_donald
Elf:1:    eino_elf_arrival_customs, layout_geoelf_octagon, mu_enter_wizlab_3,
          minmay_elf_sorcery
Elf:2:    layout_loops_corners, uniq_jorgrun
Elf:3:    grunt_elf_hall_asides, layout_geoelf_diagonals, serial_shops, shop,
          grunt_megastairs_3, uniq_asterion
Vaults:1: hangedman_vaults_hard_town_square, v_misc_14,
          nicolae_vaults_little_ls, ontoclasm_vaults_decontamination,
          vaults_dpeg_doors, nicolae_vaults_little_squares_6, v_misc_25,
          v_misc_26, serial_ice_m, v_misc_30, vaults_dpeg_spiral,
          ontoclasm_vaults_pinch, ontoclasm_vaults_eye,
          ontoclasm_vaults_loading_screen, vaults_dpeg_encased_lava,
          layout_vaults_omnicross
Vaults:2: vaults_room_large_hall, v_misc_18, st_hourglassy,
          ontoclasm_vaults_gateway, v_misc_25, ontoclasm_vaults_chip,
          v_alt_pattern_3, v_misc_31, nicolae_vaults_little_squares_2,
          v_misc_15, layout_vaults_omnigrid, serial_shops, nicolae_shop_crystal,
          nicolae_trove_entry_free_sample
Vaults:3: nicolae_vaults_little_squares_3, minmay_guarded_unrand_guard_vaults,
          nicolae_vaults_big_ls, minmay_crypt_entry_simple_corners,
          serial_ice_b, v_alt_pattern_2, layout_vaults_big_room, serial_shops,
          nicolae_shop_trees
Vaults:4: advil_vaults_ghost_guards, vaults_mumra_hexcomb,
          ontoclasm_vaults_misaligned, v_misc_9, nicolae_vaults_quadrants,
          v_rooms_3, vaults_mumra_minichess_inversion, hangedman_vaults_trim,
          nicolae_vaults_little_squares_5, serial_ice_b, v_misc_8,
          grunt_vaults_twisty, v_misc_13, v_alt_pattern_1,
          ontoclasm_vaults_misaligned, nicolae_vaults_little_squares_2,
          vaults_dpeg_diagonal, layout_vaults_maze_bifur, serial_shops, shop,
          portal_desolation_entry_salt, uniq_jory
Vaults:5
Depths:1: layout_honeycomb, hell_entry, kennysheep_generic_room_13,
          serial_bayou_shore_b, kennysheep_random_hallway
Depths:2: impenetrable_vault, layout_gridlike, enter_ziggurat_f, hell_entry,
          kennysheep_crisscross, amcnicky_mini_pool_small
Depths:3: spriggan_forest, pan_entry, hell_entry, uniq_aizul
Depths:4: lemuel_minitomb, layout_honeycomb, abyss_entry, lightli_too_deep,
          nrook_campfire, wad_floor_pattern_untrapped, minmay_gold_behind_fungi,
          uniq_boris, uniq_margery
Depths:5: grunt_crosshair, layout_gridville, hell_entry,
          chequers_serial_rivers_small_b, grunt_megastairs_2, minmay_shop_grove
Zot:1:    layout_onion_interference, lemuel_baited_zot_trap,
          st_single_dragon_hoard_3, evilmike_ambush
          [evilmike_ambush_outer_corners, evilmike_ambush_inner_basic]
Zot:2:    gammafunk_its_a_trap, layout_basic
Zot:3:    gammafunk_sealed_arena, layout_misc_corridors
Pan:      gammafunk_dig_for_victory, layout_gridlike, lom_lobon_spiral_st,
          layout_pan_divisions_a [pan_division_quadrant_a4,
          pan_division_quadrant_a3, pan_division_quadrant_a4,
          pan_division_quadrant_a3, pan_division_octagon_empty],
          nicolae_pan_gloorx_vloqian_1

Skill      XL: |  1  2  3  4  5  6  7  8  9 10 11 12 13 14 15 16 17 18 19 20 21 22 23 24 25 26 27 |
---------------+----------------------------------------------------------------------------------+-----
Fighting       | 4 5 7 8 9 11 12 13 14 15 16 17 18 19 20 22 | 22.5
Long Blades    | 3 4 5 6 7 8 10 11 12 13 14 15 17 18 20 21 23 24 25 | 25.9
Dodging        | 1 3 4 5 6 8 12 15 16 17 18 19 20 21 22 | 22.5
Armour         | 4 5 6 7 8 9 10 11 12 14 15 16 17 18 19 20 22 | 22.2
Shields        | 4 6 9 10 11 14 15 16 17 20 | 20.0
Invocations    | 6 10 13 16 18 | 18.5
Evocations     | 6 9 10 13 15 17 | 17.5

Action                   |  1- 3 |  4- 6 |  7- 9 | 10-12 | 13-15 | 16-18 | 19-21 | 22-24 | 25-27 || total
-------------------------+-------+-------+-------+-------+-------+-------+-------+-------+-------++-------
Melee: Long sword        |    80 |   174 |   108 |       |       |       |       |       |       ||   362
       Headbutt          |    10 |    27 |    58 |   140 |   275 |   294 |   292 |   452 |   594 ||  2142
       Kick              |       |    34 |   107 |   112 |       |       |       |       |       ||   253
       Double sword      |       |       |   119 |   431 |   859 |   963 |   957 |  1290 |  1584 ||  6203
Invok: Upheaval          |       |       |       |     2 |       |       |       |     2 |       ||     4
       Elemental Force   |       |       |       |     1 |       |     1 |     2 |     3 |     2 ||     9
       Disaster Area     |       |       |       |       |     1 |     3 |     2 |     2 |     3 ||    11
Evoke: Wand              |       |       |       |    11 |     4 |     1 |     2 |     2 |       ||    20
       Lightning rod     |       |       |       |       |       |       |     2 |       |       ||     2
       Condenser vane    |       |       |       |       |       |       |     1 |     2 |     1 ||     4
       Phantom mirror    |       |       |       |       |       |       |       |     1 |       ||     1
       Tin of tremorston |       |       |       |       |       |       |       |       |     1 ||     1
  Use: Potion            |       |     7 |     1 |     1 |     4 |     7 |     9 |    17 |    27 ||    73
       Scroll            |       |     5 |    16 |     6 |    22 |    10 |    17 |     9 |    21 ||   106
 Stab: Distracted        |       |       |       |       |     1 |       |       |       |       ||     1
       Invisible         |       |       |       |       |       |     2 |       |       |     1 ||     3
Armor: Scale mail        |    25 |    53 |    35 |       |       |       |       |       |       ||   113
       Chain mail        |       |       |    11 |   143 |    80 |       |       |       |       ||   234
       Steam dragon scal |       |       |       |       |    32 |   121 |   105 |   118 |   261 ||   637
Dodge: Dodged            |    44 |    89 |   137 |   183 |   297 |   429 |   322 |   450 |   791 ||  2742
       Repelled          |       |       |       |     2 |     6 |     8 |    16 |    33 |    24 ||    89
Block: Kite shield       |    52 |   123 |   120 |   443 |   965 |  1020 |  1133 |  1529 |  2052 ||  7437
       Other             |       |       |       |       |     1 |       |       |       |       ||     1
       Reflection        |       |       |       |       |       |    18 |   116 |   207 |    96 ||   437
       Rpst.: Long sword |     7 |    17 |    14 |       |       |       |       |       |       ||    38
       Double sword      |       |       |    19 |    39 |    49 |    52 |    56 |    50 |    82 ||   347
